 Dungeon Crawl Stone Soup version 0.31-a0-233-g139696dc86 (webtiles) character file.

Game seed: 6963284306214691835

56 Decritt the Firebug (level 3, -7/28 HPs)
             Began as a Hill Orc Fire Elementalist on July 8, 2023.
             Mangled by Terence
             ... wielding a +5 flail of protection
              (13 damage)
             ... on level 2 of the Dungeon.
             The game lasted 00:05:28 (1948 turns).

Decritt the Firebug (Hill Orc Fire Elementalist)    Turns: 1948, Time: 00:05:29

Health: -7/28      AC:  3    Str: 10    XL:     3   Next: 97%
Magic:  6/6        EV: 11    Int: 17    God:
Gold:   23         SH:  0    Dex: 11    Spells: 5/6 levels left

rFire   . . .        a - +3 dagger
rCold   . . .        (no shield)
rNeg    . . .        m - +0 leather armour
rPois   .            (no helmet)
rElec   .            (no cloak)
rCorr   .            (no gloves)
SInv    .            (no boots)
Will    .....        (no amulet)
Stlth   +            (no ring)
HPRegen 0.24/turn    (no ring)
MPRegen 0.10/turn

%: no passive effects
@: no status effects
A: no striking features
a: no special abilities


You were on level 2 of the Dungeon.
You visited 1 branch of the dungeon, and saw 4 of its levels.

You collected 47 gold pieces.
You spent 24 gold pieces at shops.

Inventory:

Hand Weapons
 a - a +3 dagger (weapon)
 e - a +0 dagger
Armour
 m - a +0 leather armour (worn)
Magical Staves
 h - a staff of earth
Jewellery
 k - an amulet of guardian spirit
Scrolls
 j - a scroll of immolation
Potions
 b - a potion of magic
 c - a potion of attraction {unknown}
 d - 4 potions of curing
 f - a potion of heal wounds
 g - a potion of brilliance
 i - a potion of berserk rage {unknown}
 l - a potion of invisibility {unknown}


   Skills:
 + Level 1.5 Fighting
 + Level 1.2 Armour
 - Level 1.5 Dodging
 - Level 1.5 Stealth
 * Level 2.0 Spellcasting
 - Level 1.0 Conjurations
 + Level 0.8 Hexes
 * Level 4.0 Fire Magic


You had 5 spell levels left.
You knew the following spells:

 Your Spells              Type           Power      Damage    Failure   Level
a - Foxfire               Conj/Fire      40%        2x1d6     9%          1

Your spell library contained the following spells:

 Spells                   Type           Power      Damage    Failure   Level
 Scorch                   Fire           30%        2d6       8%          2
 Inner Flame              Hex/Fire       9%         N/A       28%         3
 Volatile Blastmotes      Fire/Tloc      16%        2d11      32%         3
 Flame Wave               Conj/Fire      10%        2d6       65%         4


Dungeon Overview and Level Annotations

Branches:
Dungeon (4/15)
 Temple: D:4-7

Altars:
Gozag

Shops:
D:2 *

Annotations:
D:2 Terence


Message History

As you read the scroll labelled OSOTEIPP YVVIE, it crumbles to dust.
It was a scroll of poison.
As you read the scroll labelled WEOKLI ZOCUME, it crumbles to dust.
You feel strangely unstable.
It was a scroll of teleportation.
Your surroundings suddenly seem different.
Found a stone staircase leading up.
There is a stone staircase leading up here.
You climb upwards.
Terence shouts!
You hear an angry hiss.
Found a stone staircase leading up.
There is a stone staircase leading down here.
A ball python comes into view.
Found 8 gold pieces.
Found an opulent altar of Gozag.
The ball python hisses angrily.
There is a stone staircase leading up here.
You climb upwards.
There is a stone staircase leading down here.
You climb downwards.
Level annotation: Terence A ball python comes into view.
Terence hits you with a +5 flail of protection!
The ball python moves out of view.
There is a stone staircase leading up, spattered with blood here.
Terence hits you with a +5 flail of protection.
The ball python bites you.
* * * LOW HITPOINT WARNING * * *
The ball python grabs you.
You stop ascending the stairs.
The ball python constricts you.
You escape the ball python's grasp.
The ball python loses its grip on something.
Terence hits you with a +5 flail of protection!
* * * LOW HITPOINT WARNING * * *
The ball python barely misses you. x2
You climb upwards.
There is a stone staircase leading down here.
Okay, then.
You hit Terence.
Terence is lightly wounded.
Terence hits you with a +5 flail of protection!
You die...

#.##.#.# ##.## #.##.#.#
#.# #.##.#.# #.# ###
#......# ##'## #..
####.### ##...## #.# ##.#
##.....## #.# ##..#
##.......## #..
##...####.........####..
#....S@@+.........'[...†
###...####.........####..
#.........#.......## #..
#.###.###.##.....## #.#
#.###.# #.###...## #.#
#.....# #.# ##+## #.#
#..#### #.# #.# #.. #..#
#.# #.# #..
#..######.####.## #..


You could see Terence and a ball python.

Vanquished Creatures
  An adder (D:4)
  2 worms (D:2)
  A dart slug (D:1)
  3 endoplasms
  A giant cockroach (D:2)
  3 hobgoblins
  2 jackals (D:1)
  5 kobolds
  3 quokkas
  3 ball pythons
  3 bats (D:1)
  A frilled lizard (D:1)
  5 goblins
  6 rats (D:1)
39 creatures vanquished.

Vanquished Creatures (others)
  36 foxfires
36 creatures vanquished.

Grand Total: 75 creatures vanquished

Notes
Turn   | Place    | Note
-------+----------+-------------------------------------------
     0 | D:1      | Decritt the Hill Orc Fire Elementalist began the quest for
                  | the Orb.
     0 | D:1      | Reached XP level 1. HP: 14/14 MP: 3/3
   372 | D:1      | Reached XP level 2. HP: 14/22 MP: 4/4
   486 | D:1      | Reached skill level 1 in Fighting
   705 | D:1      | Reached XP level 3. HP: 28/28 MP: 1/5
  1334 | D:2      | Found Fiaqyad's General Store.
  1341 | D:2      | Bought a scroll of identify for 24 gold pieces
  1345 | D:2      | Identified the +0 robe of Parts Unknown {rElec Str+5 Int-4
                  | Stlth+}
  1410 | D:2      | Reached skill level 1 in Armour
  1846 | D:2      | You fall into a shaft and drop 2 floors!
  1880 | D:4      | Reached skill level 4 in Fire Magic
  1939 | D:3      | Noticed Terence
  1940 | D:3      | Found an opulent altar of Gozag.
  1948 | D:2      | Mangled by Terence

Illustrated notes

Levels and vault maps discovered:
D:1:      dpeg_arrival_arbitrary_c, layout_loops_corners
D:2:      layout_loops_corners, serial_shops, shop
D:3:      layout_rooms, mainiacjoe_overflow_six_doors_small,
          nicolae_gozag_seed_capital, minmay_shallow_snake_nest, uniq_terence,
          uniq_jessica
D:4:      layout_loops_corners, zin_statuary, nicolae_tso_swordbearing_angel,
          grunt_ministairs_15

Skill      XL: |  1  2  3 |
---------------+----------+-----
Fighting       | 1 |  1.5
Armour         | 1 |  1.2
Spellcasting   | 2 |  2.0
Fire Magic     | 4 |  4.0
Dodging        | |  1.5
Stealth        | |  1.5
Conjurations   | |  1.0
Hexes          | |  0.8

Action                     || total
---------------------------++-------
  Melee: Dagger            ||    29
         Staff             ||   106
         Unarmed           ||     1
         Punch             ||     2
   Cast: Foxfire           ||    21
    Use: Scroll            ||     7
   Stab: Sleeping          ||     2
 Armour: Robe              ||    19
         Leather armour    ||     3
  Dodge: Dodged            ||    69

Table legend: (Time is in decaauts)
 A = Elapsed time spent in this place.
 B = Non-inter-level travel time spent in this place.
 C = Inter-level travel time spent in this place.
 D = Time resting spent in this place.
 E = Time spent auto-exploring this place.
 F = Levels seen in this place.
 G = Mean time per level.
                   A        B        C        D        E       F      G
               +--------+--------+--------+--------+--------+-----+--------+
         Total |   1959 |   1924 |     35 |     89 |   1445 |   4 |  489.8 |
       Dungeon |   1959 |   1924 |     35 |     89 |   1445 |   4 |  489.8 |
               +--------+--------+--------+--------+--------+-----+--------+

Top non-repeatable levels by time:
     D:1: 1180 daAuts
     D:2: 680 daAuts
     D:4: 92 daAuts
     D:3: 6 daAuts
